 Dungeon Crawl Stone Soup version 0.27.0-1-g7a089689b8 (webtiles) character file.

Game seed: 17336104376654467255

226 sanka the Chopper (level 5, -8/43 HPs)
             Began as a Palentonga Abyssal Knight on Aug 16, 2021.
             Was a Believer of Lugonu.
             Mangled by an orc warrior (11 damage)
             ... on level 4 of the Dungeon.
             The game lasted 00:06:07 (3707 turns).

sanka the Chopper (Palentonga Abyssal Knight)       Turns: 3707, Time: 00:06:08

Health: -8/43      AC:  4    Str: 17    XL:     5   Next: 69%
Magic:  6/6        EV:  6    Int: 12    God:    Lugonu [**....]
Gold:   143        SH:  7    Dex:  9    Spells: 4/4 levels left

rFire    . . .     SeeInvis +   a - +1 hand axe
rCold    . . .     Faith    .   g - +0 kite shield
rNeg     . . .     Spirit   .   b - +0 leather armour
rPois    .         Reflect  .   (no helmet)
rElec    .         Harm     .   (no cloak)
rCorr    .         Rampage  .   (no gloves)
Will     .....                  (no barding)
Stlth    +.........             (no amulet)
HPRegen  0.14/turn              (no ring)
MPRegen  0.10/turn              (no ring)

@: no status effects
A: large, rugged brown scales 3, see invisible, deformed body, roll 1, armoured
tail
a: Rolling Charge, Renounce Religion, Depart the Abyss, Bend Space


You were on level 4 of the Dungeon.
You worshipped Lugonu.
Lugonu was pleased with you.
You visited 1 branch of the dungeon, and saw 4 of its levels.
You visited the Abyss 1 time.

You collected 143 gold pieces.


Innate Abilities, Weirdness & Mutations

You are completely covered in rugged brown scales. (AC +3, +7% HP)
You have supernaturally acute eyesight. (SInv)
Armour fits poorly on your strangely shaped body.
You can roll at nearby foes to attack.
You have a long armoured tail.


   Skills:
 - Level 3.0 Fighting
 + Level 6.0 Axes
 - Level 1.5 Armour
 - Level 0.7 Dodging
 - Level 2.0 Invocations


You had 4 spell levels left.
You didn't know any spells.
Your spell library was empty.

Inventory:

Hand Weapons
 a - a +1 hand axe (weapon)
Armour
 b - a +0 leather armour (worn)
 g - a +0 kite shield (worn)
Jewellery
 e - a ring of fire
 k - an amulet of magic regeneration
Scrolls
 c - 6 scrolls of identify {unknown}
 f - 2 scrolls of magic mapping {unknown}
 h - a scroll of holy word {unknown}
 i - a scroll of immolation {unknown}
 j - 2 scrolls of fear {unknown}
Potions
 d - a potion of heal wounds {unknown}
 l - a potion of brilliance {unknown}
 m - a potion of resistance {unknown}
 n - a potion of flight {unknown}

Dungeon Overview and Level Annotations

Branches:
Dungeon (4/15)
 Temple: D:4-7

Altars:

Shops:
D:2 [

Annotations:
D:4 Grinder

▒▒▒▒+▒▒▒▒ ▒ ▒..5....▒
▒. ▒.......▒
▒..▒.......▒ ▒
▒.....▒†▒▒▒▒▒▒
▒.▒▒.▒▒.▒......▒
..▒... ▒<.▒†o#...▒
.....Z▒▒▒▒▒ZoH...▒
▒...o...oo'.o....▒
.▒..o...▒▒▒......▒
▒........o▒▒▒▒▒▒▒
▒......▒▒.▒ ▒▒▒▒▒
▒......▒▒.▒.▒▒▒.....▒
.'o...........<..O...+
.▒▒'▒▒▒..▒.▒.▒.......▒
.. ..▒. .. ▒......^▒


You could see Grinder, an orc warrior, 2 orc priests, 3 orcs and a hound
skeleton.


Message History

Unknown command.
Unknown command.
Unknown command.
The orc hits you with a +0 mace.
* * * LOW HITPOINT WARNING * * *
You block the orc priest's attack. Grinder gestures at you.
You resist with significant effort. You block the hound skeleton's attack.
Things that are here:
a wand of charming (9); a purple potion; a hobgoblin corpse An orc priest comes into view.
It is wielding a +0 club.
The orc priest shouts!
The orc shouts!
An orc comes into view. It is wielding a +0 hand axe.
The orc warrior barely misses you.
The orc shouts!
You hit the orc priest. You tail-slap the orc priest!
The orc priest is almost dead.
You closely miss the orc warrior. You hit the orc. You barely miss Grinder.
The orc closely misses you.
The orc priest calls down the wrath of Beogh upon you.
Pain shoots through your body!
* * * LOW HITPOINT WARNING * * *
Grinder blinks!
The orc warrior hits you with a +0 long sword!
You die...

Action                   |  1- 3 |  4- 6 || total
-------------------------+-------+-------++-------
Melee: Hand axe          |   132 |    81 ||   213
       Tailslap          |     4 |     6 ||    10
Armor: Leather armour    |    60 |    33 ||    93
Dodge: Dodged            |    59 |    29 ||    88
Block: Kite shield       |    24 |    33 ||    57

Levels and vault maps discovered:
D:1:      lordsloth_arrival_two_stooges, layout_basic
D:2:      layout_rooms, serial_shops, shop
D:3:      layout_rooms, grunt_ministairs_10, uniq_jessica
D:4:      layout_basic, uniq_grinder, uniq_eustachio

Notes
Turn   | Place    | Note
-------+----------+-------------------------------------------
     0 | Abyss:1  | sanka the Palentonga Abyssal Knight began the quest for the
                  | Orb.
     0 | Abyss:1  | Reached XP level 1. HP: 19/19 MP: 2/2
    11 | D:1      | Escaped the Abyss
   287 | D:1      | Reached XP level 2. HP: 25/25 MP: 3/3
   360 | D:1      | Reached skill level 3 in Axes
   665 | D:1      | Reached ** piety under Lugonu
  1144 | D:2      | Reached XP level 3. HP: 31/31 MP: 4/4
  1330 | D:2      | Found Zelame's Antique Armour Boutique.
  1414 | D:2      | Reached skill level 4 in Axes
  2075 | D:2      | Reached XP level 4. HP: 23/37 MP: 5/5
  2650 | D:3      | Noticed Jessica
  2664 | D:3      | Killed Jessica
  2665 | D:3      | Reached skill level 5 in Axes
  2665 | D:3      | Reached XP level 5. HP: 38/43 MP: 6/6
  3162 | D:4      | Noticed an ogre
  3415 | D:4      | Identified the +1 robe of the Marlin {Dex+7}
  3678 | D:4      | Reached skill level 6 in Axes
  3692 | D:4      | Noticed Grinder
  3694 | D:4      | Noticed an orc warrior
  3707 | D:4      | HP: 3/43 [orc priest/nerve-wracking pain (10)]
  3707 | D:4      | Mangled by an orc warrior

Vanquished Creatures
  An orc priest (D:3)
  Jessica (D:3)
  A centaur skeleton (D:4)
  An orc wizard (D:4)
  5 adders
  A worm (D:3)
  3 orcs
  6 ball pythons
  2 endoplasms
  4 giant cockroaches
  11 goblins
  8 hobgoblins
  3 jackals (D:1)
  4 quokkas
  4 bats
  4 frilled lizards
  3 kobolds
  5 rats
67 creatures vanquished.
